 Dungeon Crawl Stone Soup version 0.30-a0-170-g85af917532 (webtiles) character file.

Game seed: 7245623062697740658

669 qw the Shield-Bearer (level 7, -6/42 HPs)
             Began as a Gargoyle Fighter on Sept 30, 2022.
             Mangled by an orc warrior
             ... wielding a +0 halberd
              (7 damage)
             ... on level 6 of the Dungeon.
             The game lasted 00:01:43 (5145 turns).

qw the Shield-Bearer (Gargoyle Fighter)             Turns: 5145, Time: 00:01:44

Health: -6/42      AC: 17    Str: 22    XL:     7   Next: 58%
Magic:  7/7        EV:  4    Int:  8    God:
Gold:   188        SH: 13    Dex:  9    Spells: 6/6 levels left

rFire   + . .      SeeInvis .    Y - +0 war axe
rCold   . . .      Faith    .    n - +0 tower shield
rNeg    + . .      Spirit   .    p - +0 chain mail
rPois   inf        Reflect  .    a - +1 helmet of Seys {rF+}
rElec   +          Harm     .    (no cloak)
rCorr   .          Rampage  .    (no gloves)
Will    .....                    b - +0 pair of boots
Stlth   ..........               h - amulet of regeneration
HPRegen 0.94/turn                (no ring)
MPRegen 0.10/turn                (no ring)

@: no status effects
A: sickness immunity, AC +4, negative energy resistance 1, electricity
resistance, torment resistance 1, petrification resistance
a: no special abilities


You were on level 6 of the Dungeon.
You visited 1 branch of the dungeon, and saw 6 of its levels.

You collected 188 gold pieces.


Innate Abilities, Weirdness & Mutations

You are immune to sickness and miasma.
Your stone body is resilient. (AC +4)
You are immune to poison.
You resist negative energy. (rN+)
You are resistant to electric shocks. (rElec)
You are resistant to unholy torment.
You are immune to petrification.


   Skills:
 - Level 3.7 Fighting
 - Level 5.0 Axes
 + Level 0.4 Throwing
 - Level 3.2 Armour
 - Level 7.2 Shields


You had 6 spell levels left.
You didn't know any spells.
Your spell library was empty.

Inventory:

Hand Weapons
 q - a +0 flail
 Y - a +0 war axe (weapon)
Missiles
 c - 3 javelins (quivered)
Armour
 a - the +1 helmet of Seys (worn) {rF+}
   (You found it on level 5 of the Dungeon)

   rF:        It protects you from fire.
 b - a +0 pair of boots (worn)
 n - a +0 tower shield (worn)
 o - a +2 ring mail of cold resistance
 p - a +0 chain mail (worn)
Jewellery
 h - an amulet of regeneration (around neck)
 l - a ring of fire
Scrolls
 g - 2 scrolls of identify
Potions
 d - a potion of might
 f - a potion of lignification
 k - 2 potions of curing

Dungeon Overview and Level Annotations

Branches:
Dungeon (6/15)
 Temple: D:4-7

Altars:
Fedhas
Kikubaaqudgha

Shops:
D:1 (


Message History

Something completely misses you.
You closely miss the orc warrior.
The orc warrior is heavily wounded.
You barely miss something. Something hits you but does no damage.
You block the orc warrior's attack. x2
Something hits you.
You closely miss the orc warrior.
The orc warrior is heavily wounded.
You hit something.
You hear some strange, mumbled words.
A puff of flame appears from out of thin air!
The puff of flame hits you but does no damage.
The orc warrior sings a few bars from the Orcish anthem.
The orc warrior hits you with a +0 halberd.
You block the orc warrior's attack. Something hits you but does no damage.
You hit the orc warrior.
The orc warrior is severely wounded.
You miss something.
You hear some strange, mumbled words.
Something tries to affect you, but you resist.
The orc warrior barely misses you.
You closely miss the orc warrior.
The orc warrior is severely wounded.
You barely miss something. Something hits you but does no damage.
The orc warrior hits you with a +0 halberd.
The orc warrior hits you but does no damage.
You block something's attack.
You hit the orc warrior.
The orc warrior is severely wounded.
You barely miss something. You block the orc warrior's attack.
Something hits you.
You hit the orc warrior but do no damage.
The orc warrior is severely wounded.
You barely miss something.
You hear a zap.
A bolt of dispelling energy appears from out of thin air!
The bolt of dispelling energy hits you.
The orc warrior hits you with a +0 halberd!
You die...

#### #...
#########.## ####
#.........#
#...######.#######.##
#..{@......# #...
#..o######## ###.
#...... #. ##..... #.
##.... #. ##... ..
.... .# .##.. . #.


You could see an orc warrior.

Vanquished Creatures
  A wyvern (D:5)
  An ogre (D:5)
  An orc priest (D:3)
  A hound (D:5)
  A jelly (D:4)
  Terence (D:3)
  An iguana (D:4)
  4 orc wizards
  Robin (D:3)
  6 adders
  2 ufetubi (D:5)
  2 worms (D:4)
  3 dart slugs
  13 orcs
  7 endoplasms
  4 giant cockroaches
  13 goblins
  12 hobgoblins
  4 jackals (D:1)
  11 kobolds
  3 quokkas
  5 ball pythons
  9 bats
  2 frilled lizards
  7 rats
115 creatures vanquished.

Notes
Turn   | Place    | Note
-------+----------+-------------------------------------------
     0 | D:1      | qw the Gargoyle Fighter began the quest for the Orb.
     0 | D:1      | Reached XP level 1. HP: 14/14 MP: 1/1
     0 | D:1      | 0 ||| qw: Version: 0.2-a-12-gaebbb33
     0 | D:1      | 0 ||| qw: Game counter: 1525
     0 | D:1      | 0 ||| qw: Always use a shield: true
     0 | D:1      | 0 ||| qw: God list: Okawaru
     0 | D:1      | 0 ||| qw: Allow faded altars: false
     0 | D:1      | 0 ||| qw: Do Orc after D:15 true
     0 | D:1      | 0 ||| qw: Do second Lair branch before Depths: true
     0 | D:1      | 0 ||| qw: Lair rune preference: random
     0 | D:1      | 0 ||| qw: Plans: Normal, Zot:1-4, God:TSO, Crypt, Tomb,
                  | Pan, Slime:5, Hells, Abyss, Orb
     0 | D:1      | 0 ||| PLANNING D:1-11
    84 | D:1      | 84 ||| Stepping ~*~*~tactically~*~*~ (stealth).
   267 | D:1      | 267 ||| Stepping ~*~*~tactically~*~*~ (hiding).
   404 | D:1      | Reached XP level 2. HP: 18/19 MP: 2/2
   713 | D:1      | 713 ||| Stepping ~*~*~tactically~*~*~ (stealth).
   744 | D:1      | Reached skill level 3 in Axes
   862 | D:1      | Found Tibbebbe's Weapon Emporium.
   866 | D:1      | Reached XP level 3. HP: 23/23 MP: 3/3
   875 | D:1      | 875 ||| SHOPLISTING +3 flail (246 gold, have 37).
   984 | D:1      | 984 ||| READING scroll labelled GEUHAH VOT GUG.
   985 | D:1      | 985 ||| READING scroll labelled FUWNYW AMUODGHI.
   986 | D:1      | 986 ||| READING 2 scrolls labelled OFFY WIPAODYU.
   987 | D:1      | 987 ||| READING scroll labelled SEUKYE LYIGOPTUQU.
   988 | D:1      | 988 ||| DRINKING 2 dark potions.
   989 | D:1      | 989 ||| DRINKING 2 puce potions.
   990 | D:1      | 990 ||| DROPPING scroll of poison.
   991 | D:1      | 991 ||| DROPPING potion of degeneration.
  1031 | D:2      | 1031 ||| FLEEEEING.
  1032 | D:2      | 1032 ||| FLEEEEING.
  1033 | D:2      | 1033 ||| STAIRDANCE
  1096 | D:2      | 1096 ||| STAIRDANCE
  1153 | D:2      | 1153 ||| DROPPING +0 whip.
  1307 | D:2      | 1307 ||| Stepping ~*~*~tactically~*~*~ (hiding).
  1597 | D:2      | 1597 ||| Stepping ~*~*~tactically~*~*~ (stealth).
  1598 | D:2      | 1598 ||| Stepping ~*~*~tactically~*~*~ (stealth).
  1830 | D:2      | Reached XP level 4. HP: 27/28 MP: 4/4
  1852 | D:2      | Found a faded altar of an unknown god.
  2059 | D:2      | 2059 ||| UPGRADING to +0 helmet.
  2064 | D:2      | 2064 ||| READING scroll labelled CEUXYOR FEFUS.
  2065 | D:2      | 2065 ||| READING 2 scrolls labelled OPHAHESMOSE.
  2113 | D:3      | 2113 ||| Stepping ~*~*~tactically~*~*~ (stealth).
  2298 | D:3      | Noticed Robin
  2300 | D:3      | 2300 ||| Stepping ~*~*~tactically~*~*~ (hiding).
  2331 | D:3      | HP: 5/28 [hobgoblin[Robin] (5)]
  2332 | D:3      | 2332 ||| READING scroll of teleportation.
  2332 | D:3      | HP: 1/28 [hobgoblin[Robin] (4)]
  2333 | D:3      | 2333 ||| DRINKING potion of heal wounds.
  2417 | D:3      | 2417 ||| Stepping ~*~*~tactically~*~*~ (stealth).
  2418 | D:3      | 2418 ||| Stepping ~*~*~tactically~*~*~ (stealth).
  2419 | D:3      | 2419 ||| Stepping ~*~*~tactically~*~*~ (stealth).
  2513 | D:3      | 2513 ||| Stepping ~*~*~tactically~*~*~ (hiding).
  2522 | D:3      | Killed Robin
  2611 | D:3      | Reached XP level 5. HP: 32/32 MP: 5/5
  3165 | D:3      | 3165 ||| DROPPING +4 whip.
  3198 | D:3      | Noticed Terence
  3209 | D:3      | Killed Terence
  3281 | D:3      | 3281 ||| UPGRADING to +2 buckler.
  3291 | D:3      | 3291 ||| DROPPING +0 buckler.
  3292 | D:3      | 3292 ||| UPGRADING to +0 tower shield.
  3302 | D:3      | 3302 ||| DROPPING +2 buckler.
  3303 | D:3      | 3303 ||| UPGRADING to +2 ring mail of cold resistance.
  3313 | D:3      | 3313 ||| DROPPING +0 scale mail.
  3314 | D:3      | 3314 ||| UPGRADING to +0 chain mail.
  3324 | D:3      | 3324 ||| READING scroll labelled HOLOMEB POLI.
  3325 | D:3      | 3325 ||| DRINKING 2 fuming dark potions.
  3326 | D:3      | 3326 ||| DRINKING 2 white potions.
  3327 | D:3      | 3327 ||| DRINKING 3 brown potions.
  3328 | D:3      | 3328 ||| DROPPING potion of brilliance.
  3329 | D:3      | 3329 ||| DROPPING potion of flight.
  3374 | D:4      | HP: 7/33 [iguana (3)]
  3375 | D:4      | 3375 ||| READING scroll of teleportation.
  3375 | D:4      | HP: 3/33 [iguana (4)]
  3376 | D:4      | HP: 1/33 [iguana (2)]
  3378 | D:4      | 3378 ||| FLEEEEING.
  3379 | D:4      | 3379 ||| FLEEEEING.
  3380 | D:4      | 3380 ||| FLEEEEING.
  3381 | D:4      | 3381 ||| FLEEEEING.
  3382 | D:4      | 3382 ||| FLEEEEING.
  3383 | D:4      | 3383 ||| FLEEEEING.
  3704 | D:4      | 3704 ||| DRINKING 2 potions of curing.
  3704 | D:4      | 3704 ||| (to cure confusion)
  3710 | D:4      | Reached skill level 4 in Shields
  3710 | D:4      | Reached XP level 6. HP: 11/38 MP: 6/6
  3813 | D:4      | 3813 ||| Stepping ~*~*~tactically~*~*~ (stealth).
  3822 | D:4      | 3822 ||| Stepping ~*~*~tactically~*~*~ (stealth).
  3942 | D:4      | Found a blossoming altar of Fedhas.
  4155 | D:4      | 4155 ||| Stepping ~*~*~tactically~*~*~ (stealth).
  4156 | D:4      | 4156 ||| Stepping ~*~*~tactically~*~*~ (stealth).
  4159 | D:4      | 4159 ||| Stepping ~*~*~tactically~*~*~ (stealth).
  4210 | D:4      | 4210 ||| Stepping ~*~*~tactically~*~*~ (stealth).
  4491 | D:4      | 4491 ||| UPGRADING to +0 pair of boots.
  4496 | D:4      | 4496 ||| UPGRADING to amulet of regeneration.
  4501 | D:4      | 4501 ||| DROPPING ring of wizardry.
  4535 | D:5      | Entered Level 5 of the Dungeon
  4541 | D:5      | Reached skill level 5 in Shields
  4608 | D:5      | 4608 ||| Stepping ~*~*~tactically~*~*~ (stealth).
  4638 | D:5      | 4638 ||| Stepping ~*~*~tactically~*~*~ (stealth).
  4640 | D:5      | 4640 ||| Stepping ~*~*~tactically~*~*~ (hiding).
  4666 | D:5      | Identified the +1 helmet of Seys {rF+}
  4787 | D:5      | Reached XP level 7. HP: 42/42 MP: 7/7
  4840 | D:5      | Reached skill level 6 in Shields
  4856 | D:5      | Found an ancient bone altar of Kikubaaqudgha.
  4980 | D:5      | Noticed a wyvern
  4992 | D:5      | Killed a wyvern
  4993 | D:5      | Reached skill level 7 in Shields
  5015 | D:5      | 5015 ||| UPGRADING to +1 helmet of Seys {rF+}.
  5025 | D:5      | 5025 ||| DROPPING +0 helmet.
  5026 | D:5      | 5026 ||| READING scroll labelled JOL MIUPLISYWK.
  5027 | D:5      | 5027 ||| READING 3 scrolls of identify.
  5027 | D:5      | 5027 ||| IDENTIFYING smoky black potion
  5108 | D:6      | 5108 ||| Stepping ~*~*~tactically~*~*~ (hiding).
  5137 | D:6      | 5137 ||| DRINKING 3 potions of curing.
  5137 | D:6      | 5137 ||| (to cure confusion)
  5138 | D:6      | HP: 10/42 [something/bolt of dispelling energy (11)]
  5141 | D:6      | HP: 1/42 [orc warrior/+0 halberd (6)]
  5145 | D:6      | Mangled by an orc warrior

Levels and vault maps discovered:
D:1:      dpeg_chamrin_arrival_tetris, layout_basic, serial_shops,
          nicolae_lakefront_shop
D:2:      layout_basic, basic_ecumenical_altar, grunt_ministairs_14
D:3:      layout_basic, item_on_display_a, uniq_terence, uniq_robin
D:4:      layout_cave_pools, fedhas_altar_3, hangedman_decor_slide_cut,
          corner_web_ring
D:5:      layout_rooms, kiku_gazebo_garden_becter
D:6:      layout_loops_ring, hex_medium

Skill      XL: |  1  2  3  4  5  6  7 |
---------------+----------------------+-----
Axes           | 2 3 4 5 |  5.0
Shields        | 4 5 7 |  7.2
Fighting       | |  3.7
Throwing       | |  0.4
Armour         | |  3.2

Action                   |  1- 3 |  4- 6 |  7- 9 || total
-------------------------+-------+-------+-------++-------
Melee: War axe           |   116 |   180 |    49 ||   345
Throw: Boomerang         |    27 |    21 |       ||    48
       Javelin           |       |    19 |     1 ||    20
  Use: Scroll            |     4 |     5 |     2 ||    11
       Potion            |     2 |     5 |     1 ||     8
Armor: Scale mail        |    58 |    53 |       ||   111
       Chain mail        |       |    54 |    28 ||    82
Dodge: Dodged            |    61 |    54 |    12 ||   127
Block: Buckler           |    22 |    22 |       ||    44
       Tower shield      |       |    49 |    64 ||   113

Table legend:
 A = Non-vault XP
 B = Vault XP
 C = Vault XP percentage of total XP
 D = Non-vault monster count
 E = Vault monster count
 F = Vault count percentage of total count
                 A         B        C        D         E       F
            +---------+---------+-------+---------+---------+-------
      Total |     878 |      78 |   8.2 |     100 |      15 |  13.0
            +---------+---------+-------+---------+---------+-------
        D:1 |      38 |       0 |   0.0 |      19 |       0 |   0.0
        D:2 |      68 |       3 |   4.2 |      21 |       2 |   8.7
        D:3 |      87 |      75 |  46.3 |      24 |      13 |  35.1
        D:4 |     197 |       0 |   0.0 |      21 |       0 |   0.0
        D:5 |     469 |       0 |   0.0 |      12 |       0 |   0.0
        D:6 |      19 |       0 |   0.0 |       3 |       0 |   0.0
            +---------+---------+-------+---------+---------+-------
